 Dungeon Crawl Stone Soup version 0.29-a0-473-gacb4ef3bc5 (webtiles) character file.

Game seed: 13020301764588508556

39 Lekart the Skirmisher (level 3, -4/33 HPs)
             Began as a Draconian Chaos Knight on May 23, 2022.
             Was a Plaything of Xom.
             Killed from afar by Natasha (7 damage)
             ... with a magic dart
             ... on level 2 of the Dungeon.
             The game lasted 00:01:15 (1635 turns).

Lekart the Skirmisher (Draconian Chaos Knight)      Turns: 1635, Time: 00:01:15

Health: -4/33      AC:  5    Str: 16    XL:     3   Next: 28%
Magic:  3/3        EV: 12    Int: 12    God:    Xom [..*...]
Gold:   45         SH:  0    Dex: 12    Spells: 2/2 levels left

rFire   . . .      SeeInvis .   a - +0 falchion (chaos)
rCold   . . .      Faith    .   (no shield)
rNeg    . . .      Spirit   .   (body armour unavailable)
rPois   .          Reflect  .   (helmet restricted)
rElec   .          Harm     .   (no cloak)
rCorr   .          Rampage  .   (no gloves)
Will    .....                   (no boots)
Stlth   +.........              (no amulet)
HPRegen 0.11/turn               (no ring)
MPRegen 0.08/turn               (no ring)

@: no status effects
A: AC +5, unfitting armour, cold-blooded, strong 1
a: Renounce Religion


You were on level 2 of the Dungeon.
You worshipped Xom.
You were a toy of Xom.
You visited 1 branch of the dungeon, and saw 2 of its levels.

You collected 45 gold pieces.

Inventory:

Hand Weapons
 a - a +0 falchion of chaos (weapon)
Miscellaneous
 b - a piece from Xom's chessboard (15/15) (quivered)


   Skills:
 + Level 3.9 Fighting
 + Level 3.7 Long Blades
 + Level 2.4 Dodging


You had 2 spell levels left.
You didn't know any spells.
Your spell library was empty.

Dungeon Overview and Level Annotations

Branches:
Dungeon (2/15)

Altars:

Annotations:
D:2 Natasha


Innate Abilities, Weirdness & Mutations

Your plain brown scales are hard. (AC +5)
You cannot fit into any form of body armour.
You are cold-blooded and may be slowed by cold attacks.
Your muscles are strong. (Str +2)


Message History

Natasha claws you!
The crimson imp blinks!
You closely miss Natasha. Natasha casts a spell at you.
The magic dart hits you.
You miss Natasha.
Your tail-slap misses Natasha. "See what I see, my child!"
You detect items!
Natasha barely misses you.
You closely miss Natasha.
Natasha mumbles some strange words.
The worm bites you but does no damage.
You closely miss Natasha. Natasha claws you but does no damage.
Natasha attacks as you move away! Natasha closely misses you.
The crimson imp blinks!
The worm barely misses you. Natasha claws you but does no damage.
The crimson imp hits you.
You hit Natasha.
Natasha is heavily wounded.
Natasha claws you!
* * * LOW HITPOINT WARNING * * *
You hit Natasha.
Natasha is poisoned.
Your tail-slap misses Natasha.
Natasha is almost dead.
Xom grants you insight.
You feel aware of your surroundings.
The crimson imp blinks!
Natasha mumbles some strange words.
You barely miss Natasha.
Natasha is almost dead.
Natasha howls an incantation.
You feel troubled. Natasha barely misses you.
The crimson imp barely misses you.
You closely miss Natasha.
You tail-slap Natasha, but do no damage.
Natasha is almost dead.
Natasha stares at you and mumbles some strange words.
The magic dart hits you.
* * * LOW HITPOINT WARNING * * *
The crimson imp blinks!
The crimson imp hits you but does no damage.
Natasha stares at you and mumbles some strange words.
The magic dart hits you!
You die...
Xom howls with laughter!

* #.......#
##.....# *
#.......# ##...##
* #.......# #+## *
#$......# #. ,
#.......# #. ,
#...§...# ##.## *
#..§w5..# ##...##
####h#### #..... *
#@# #...## ,
#5########## #...†
#..........####.##
##########......#
########


You could see a worm, Natasha (strong, very poisoned), a crimson imp (summoned)
and a white imp (summoned).

Vanquished Creatures
  2 adders (D:2)
  A ball python (D:1)
  2 bats
  An endoplasm (D:2)
  A giant cockroach (D:1)
  A goblin (D:2)
  6 hobgoblins
  2 kobolds (D:1)
  A quokka (D:1)
  A frilled lizard (D:1)
  A rat (D:1)
19 creatures vanquished.

Notes
Turn   | Place    | Note
-------+----------+-------------------------------------------
     0 | D:1      | Lekart the Draconian Chaos Knight began the quest for the
                  | Orb.
     0 | D:1      | Reached XP level 1. HP: 19/19 MP: 1/1
    40 | D:1      | XOM: silly message
   121 | D:1      | XOM: silly message
   485 | D:1      | Reached XP level 2. HP: 19/26 MP: 2/2
  1364 | D:2      | Gained mutation: Your muscles are strong. (Str +2) [potion
                  | of mutation]
  1397 | D:2      | Reached XP level 3. HP: 33/33 MP: 3/3
  1620 | D:2      | Noticed Natasha
  1626 | D:2      | XOM: divination: detect items
  1633 | D:2      | XOM: divination: magic mapping
  1635 | D:2      | Killed from afar by Natasha

Illustrated notes

Levels and vault maps discovered:
D:1:      minmay_arrival_widening_spiral_wide, layout_basic,
          grunt_decor_one_mirror
D:2:      minmay_diamond_boxcup, layout_loops_corners, uniq_crazy_yiuf_cottage,
          uniq_natasha

Action                   || total
-------------------------++-------
Melee: Falchion          ||    81
       Tailslap          ||     7
       Punch             ||     1
  Use: Scroll            ||     4
       Potion            ||     1
 Stab: Sleeping          ||     1
Armor: Skin              ||    38
Dodge: Dodged            ||    57

Table legend: (Time is in decaauts)
 A = Elapsed time spent in this place.
 B = Non-inter-level travel time spent in this place.
 C = Inter-level travel time spent in this place.
 D = Time resting spent in this place.
 E = Time spent auto-exploring this place.
 F = Levels seen in this place.
 G = Mean time per level.
                   A        B        C        D        E       F      G
               +--------+--------+--------+--------+--------+-----+--------+
         Total |   1645 |   1594 |     51 |    132 |   1275 |   2 |  822.5 |
       Dungeon |   1645 |   1594 |     51 |    132 |   1275 |   2 |  822.5 |
               +--------+--------+--------+--------+--------+-----+--------+

Top non-repeatable levels by time:
     D:1: 1248 daAuts
     D:2: 396 daAuts
